Match 45916669
Unlisted

Match 45916669
End
Construct Section Command Post
Selects Indian Artillery Battlegroup
Infantry Section
Infantry Section
Construct Platoon Command Post
Grenade Package
Selects War Cry
Unlock M3 Stuart Light Tanks
Selects Gurkha Rifles Section
Gurkha Rifles Section
M3 Stuart Light Tank
Gurkha Rifles Section
Infantry Training
Selects Pillage
6-pounder Anti-tank Gun Team
Selects Artillery Saturation
Construct Company Command Post
Matilda II Heavy Tank
Selects Off-map Airburst Barrage
Off-map Airburst Barrage
Unlock Towed 17-pounder Anti-tank Guns
Kampfstärke
波菜
TURBOMAN
Mastermarius
Dr.ANALizator
小德子
FoxOnTheFront
̶H̶e̶c̶t̶o̶r̶
0
0

Comments sign in to comment!

No comments posted yet!